 Dungeon Sprint DCSS version 0.28-a0-1415-g7c84da036a (webtiles) character file.

Game seed: 12409712319133353503

35 jt the Sneak (level 3, -5/30 HPs)
             Began as a Spriggan Abyssal Knight on Jan 7, 2022.
             Was a Believer of Lugonu.
             Slain by a scorpion (9 damage)
             ... in the Dungeon (Sprint IV: "Fedhas' Mad Dash").
             The game lasted 00:00:34 (43 turns).

jt the Sneak (Spriggan Abyssal Knight)                Turns: 43, Time: 00:00:34

Health: -5/30      AC:  2    Str:  9    XL:     3   Next: 16%
Magic:  5/6        EV: 18    Int: 11    God:    Lugonu [**....]
Gold:   0          SH:  0    Dex: 17    Spells: 2/2 levels left

rFire   . . .      SeeInvis +   a - +1 short sword
rCold   . . .      Faith    .   (no shield)
rNeg    . . .      Spirit   .   b - +0 robe
rPois   .          Reflect  .   (helmet restricted)
rElec   .          Harm     .   (no cloak)
rCorr   .          Rampage  .   (gloves unavailable)
Will    .....      NoTele   +   (boots unavailable)
Stlth   ..........              (no amulet)
HPRegen 0.10/turn               (no ring)
MPRegen 0.10/turn               (no ring)

@: berserking, lethally poisoned (-5 -> -8), very quick
A: very small, no large weapons, unfitting armour, see invisible, speed 3
a: Renounce Religion, Bend Space


You were in the Dungeon.
You worshipped Lugonu.
Lugonu was pleased with you.
You visited 1 branch

Inventory:

Hand Weapons
 a - a +1 short sword (weapon)
Armour
 b - a +0 robe (worn)
Scrolls
 d - a scroll of enchant armour {unknown}
 h - a scroll of blinking
Potions
 c - a potion of curing
 e - a potion of haste
 f - 2 potions of magic


   Skills:
 + Level 3.2 Fighting
 - Level 2.1 Short Blades
 - Level 3.2 Dodging
 + Level 7.7 Stealth
 + Level 3.1 Invocations


You had 2 spell levels left.
You didn't know any spells.
Your spell library was empty.

Dungeon Overview and Level Annotations

Branches:
Dungeon (1/1)

Altars:


Innate Abilities, Weirdness & Mutations

You are very small and have problems with some larger weapons.
You are too small for most types of armour.
You have supernaturally acute eyesight. (SInv)
You cover ground extremely quickly. (Speed+++)


Message History

Your Fighting skill increases to level 3!
Your Stealth skill increases to level 7!
Your Invocations skill gained 2 levels and is now at level 3!
You have reached level 3!
Your experience leads to an increase in your attributes!
Increase (S)trength, (I)ntelligence, or (D)exterity?
You feel agile. x2
A scorpion comes into view.
Found three items.
You see here 4 gold pieces.
You hit the scorpion but do no damage. The scorpion barely misses you.
You hit the scorpion but do no damage. The scorpion completely misses you.
You hit the scorpion but do no damage. The scorpion misses you. x2
You hit the scorpion but do no damage. The scorpion stings you!
You are poisoned.
The scorpion poisons you!
You aren't carrying any items that you can evoke.
A red film seems to cover your vision as you go berserk!
You feel yourself moving faster!
You feel mighty!
You feel very sick. The scorpion completely misses you.
You hit the scorpion but do no damage. Your punch misses the scorpion.
You feel sick. The scorpion misses you.
You hit the scorpion.
The scorpion is lightly wounded.
You feel sick.
You puncture the scorpion!
The scorpion is almost dead.
You feel sick. The scorpion misses you.
You barely miss the scorpion.
The scorpion is almost dead.
You feel sick. The scorpion completely misses you.
You closely miss the scorpion.
The scorpion is almost dead.
You feel sick. The scorpion stings you!
* * * LOW HITPOINT WARNING * * *
You barely miss the scorpion.
The scorpion is almost dead.
The scorpion stings you!
You die...

##################
#<..P#.....#.@$$$#
#PP..†.....'.#s?.+
#PPPP#.....#.#"..#
###############+##


You could see a scorpion.

Vanquished Creatures
  An oklob sapling (D)
  A river rat (D)
  A rat (D)
3 creatures vanquished.

Notes
Turn   | Place    | Note
-------+----------+-------------------------------------------
     0 | D        | jt the Spriggan Abyssal Knight began the quest for the Orb.
     0 | D        | Reached XP level 1. HP: 11/11 MP: 3/3
    20 | D        | Reached skill level 6 in Stealth
    20 | D        | Reached XP level 2. HP: 16/16 MP: 4/4
    20 | D        | Reached ** piety under Lugonu
    29 | D        | Noticed an oklob sapling
    30 | D        | Killed an oklob sapling
    31 | D        | Reached skill level 7 in Stealth
    31 | D        | Reached XP level 3. HP: 20/20 MP: 4/6
    32 | D        | Noticed a scorpion
    32 | D        | Found the amulet of invisibility {+Inv}
    43 | D        | Slain by a scorpion

Illustrated notes

Levels and vault maps discovered:
D:        dungeon_sprint_fedhas [sprint_temple]

Skill      XL: |  1  2 |
---------------+-------+-----
Stealth        | 6 7 |  7.7
Fighting       | 3 |  3.2
Invocations    | 3 |  3.1
Short Blades   | |  2.1
Dodging        | |  3.2

Action                   || total
-------------------------++-------
Melee: Short sword       ||    24
       Punch             ||     1
  Use: Potion            ||     2
 Stab: Sleeping          ||     1
Armor: Robe              ||     1
Dodge: Dodged            ||    18

Table legend: (Time is in decaauts)
 A = Elapsed time spent in this place.
 B = Non-inter-level travel time spent in this place.
 C = Inter-level travel time spent in this place.
 D = Time resting spent in this place.
 E = Time spent auto-exploring this place.
 F = Levels seen in this place.
 G = Mean time per level.
                   A        B        C        D        E       F      G
               +--------+--------+--------+--------+--------+-----+--------+
         Total |     36 |     36 |      0 |      0 |      0 |   1 |   36.0 |
       Dungeon |     36 |     36 |      0 |      0 |      0 |   1 |   36.0 |
               +--------+--------+--------+--------+--------+-----+--------+

Top non-repeatable levels by time:
       D: 36 daAuts
